 Dungeon Crawl Stone Soup version 0.21-a0-460-g737a915 (webtiles) character file.

53 slep the Skirmisher (level 3, -2/29 HPs)
             Began as a Demonspawn Monk on Nov 21, 2017.
             Slain by an orc wizard
             ... wielding a +0 dagger
              (3 damage)
             ... on level 3 of the Dungeon.
             The game lasted 00:05:32 (1803 turns).

slep the Skirmisher (Demonspawn Monk)               Turns: 1803, Time: 00:05:33

Health: -2/29      AC:  5    Str: 12    XL:     3   Next: 64%
Magic:  3/3        EV: 19    Int: 11    God:
Gold:   73         SH:  0    Dex: 25    Spells: 2/2 levels left

rFire    . . .     SeeInvis .   a - +0 falchion
rCold    + . .     Gourm    .   (no shield)
rNeg     . . .     Faith    .   m - +0 ring mail
rPois    .         Spirit   .   (no helmet)
rElec    .         Reflect  .   (no cloak)
rCorr    .         Harm     .   (no gloves)
MR       .....                  (no boots)
Stlth    +++.......             (no amulet)
HPRegen  0.09/turn              h - +5 ring of dexterity (curse)
MPRegen  0.08/turn              v - +2 ring of evasion

@: agile, very slightly contaminated, invisible
A: cold resistance 1
a: no special abilities


You were on level 3 of the Dungeon.
You were hungry.

You visited 1 branch of the dungeon, and saw 3 of its levels.

You collected 73 gold pieces.

Inventory:

Hand Weapons
 a - a +0 falchion (weapon)
Missiles
 t - 3 javelins (quivered)
 w - a tomahawk
Armour
 b - a +0 robe
 m - a +0 ring mail (worn)
 s - a cursed +0 robe
Jewellery
 h - a cursed +5 ring of dexterity (left hand)
 v - a +2 ring of evasion (right hand)
Scrolls
 j - 3 scrolls of identify {unknown}
 k - a scroll of enchant weapon {unknown}
 n - 3 scrolls of fear {unknown}
 q - a scroll of remove curse {unknown}
 u - 3 scrolls of amnesia {unknown}
Potions
 d - a potion of invisibility
 i - a potion of flight {unknown}
 l - a potion of ambrosia {unknown}
 p - a potion of mutation {unknown}
 r - a potion of curing {unknown}
Comestibles
 c - a bread ration
 f - 2 meat rations
 g - 6 fruits
 o - a royal jelly


   Skills:
 + Level 3.5 Fighting
 + Level 3.2 Long Blades
 + Level 0.1 Armour
 + Level 3.1 Dodging
 + Level 2.2 Stealth


You had 2 spell levels left.
You didn't know any spells.

Dungeon Overview and Level Annotations

Branches:
Dungeon (3/15)

Altars:
Wu Jian


Innate Abilities, Weirdness & Mutations

Your flesh is cold resistant. (rC+)


Message History

* * * LOW HITPOINT WARNING * * *
The orc closely misses you.
There is a stone staircase leading down here.
The orc closely misses you.
You riposte.
You hit the orc but do no damage.
You see here 3 tomahawks.
Something hits you but does no damage.
You hear some strange, mumbled words.
A puff of flame appears from out of thin air!
The puff of flame hits you!
* * * LOW HITPOINT WARNING * * *
It was a potion of invisibility.
You fade into invisibility!
You hear some strange, mumbled words.
A puff of frost appears from out of thin air!
The puff of frost misses you.
You are very lightly contaminated with residual magic.
It was a potion of agility.
You feel agile all of a sudden. Something misses you. Something hits you.
You die...

............
..........# #
..o...##..##.#
..(....).....#
..?...##..##.#
...oo #[.# .b
.... #..# ...
..o
#.o######..##
..
#>oo{@.......
.
#########..##


You could see 3 orcs.

Vanquished Creatures
  An adder (D:2)
  2 worms (D:2)
  2 dart slugs (D:1)
  A leopard gecko (D:1)
  An orc (D:3)
  6 bats
  2 giant cockroaches
  2 goblins (D:1)
  3 hobgoblins
  2 jackals (D:1)
  5 frilled lizards
  2 kobolds
  5 rats
34 creatures vanquished.

Notes
Turn   | Place    | Note
-------+----------+-------------------------------------------
     0 | D:1      | slep the Demonspawn Monk began the quest for the Orb.
     0 | D:1      | Reached XP level 1. HP: 18/18 MP: 1/1
   313 | D:1      | Gained mutation: Your flesh is cold resistant. (rC+) [demonic ancestry]
   313 | D:1      | Reached XP level 2. HP: 24/24 MP: 2/2
   793 | D:2      | Found an ornate altar of the Wu Jian Council.
   903 | D:2      | Reached XP level 3. HP: 26/29 MP: 3/3
  1801 | D:3      | HP: 1/29 [something/puff of flame (7)]
  1803 | D:3      | Slain by an orc wizard

Vault maps used:
D:1:      scummos_arrival_simple_crosswalls, serial_glass, glass_columns_a,
          glass_columns_b
D:2:      lemuel_round_altar
D:3:      first_bread, uniq_ijyb, uniq_robin

Skill      XL: |  1  2 |
---------------+-------+-----
Dodging        | 3 |  3.1
Long Blades    | 3 |  3.2
Stealth        | 2 |  2.2
Fighting       | |  3.5
Armour         | |  0.1

Action                   || total
-------------------------++-------
Melee: Falchion          ||    89
  Use: Potion            ||     2
 Stab: Sleeping          ||    12
  Eat: Chunk             ||     2
Armor: Robe              ||    10
       Ring mail         ||    15
Dodge: Dodged            ||    73
       Rpst.: Falchion   ||    23

Table legend:
 A = Spawn XP
 B = Non-spawn XP
 C = Spawn XP percentage of total XP
 D = Spawn monster count
 E = Non-spawn monster count
 F = Spawn count percentage of total count
 G = Total turns spent on level
                    A         B        C        D         E        F      G
               +---------+---------+-------+---------+---------+-------+---------
         Total |       0 |      77 |   0.0 |       0 |      34 |   0.0 |  1803
               +---------+---------+-------+---------+---------+-------+---------
           D:1 |       0 |      30 |   0.0 |       0 |      15 |   0.0 |   791
           D:2 |       0 |      42 |   0.0 |       0 |      17 |   0.0 |   979
           D:3 |       0 |       5 |   0.0 |       0 |       2 |   0.0 |    33
               +---------+---------+-------+---------+---------+-------+---------
